[Event "Team 45 45 League T62"]
[Site "Internet Chess Club"]
[Date "2014.09.07"]
[Round "2"]
[White "Heian"]
[Black "room-matt"]
[Result "0-1"]
[WhiteElo "1785"]
[BlackElo "1886"]
[Opening "Sicilian"]
[ECO "B50"]
[Time "13:23:55"]
[TimeControl "2700+45"]

1. e4 c5 2. Nf3 d6 3. Bc4 Nc6 4. c3 g6 5. O-O Bg7 6. d3 Nf6 7. h3 Na5 8. Bb5+
Bd7 9. Bxd7+ Nxd7 10. Nbd2 O-O 11. Re1 Nc6 12. Nh2 Nde5 13. Ndf3 Qb6 14. Nxe5
Nxe5 15. Kh1 Qa6 16. d4 Nd3 17. Re2 cxd4 18. cxd4 Bxd4 19. Bh6 Nxf2+ 20. Rxf2
Bxf2 21. Bxf8 Rxf8 22. Qd2 Bh4 23. Ng4 e6 24. Qh6 Be7 25. e5 dxe5 26. Nxe5 Rd8
27. Nxf7 Kxf7 28. Qxh7+ Kf6 29. Re1 Qc4 30. b3 Qf4 31. Kg1 Bc5+ 32. Kh1 Qf2 33.
Rc1 Be3 34. Rb1 b6 35. a3 a5 36. b4 axb4 37. axb4 Qe2 38. Qh4+ Bg5 39. Qg3 Rd2
40. h4 Bh6 41. Qc3+ e5 42. Qc6+ Kf5 43. Rg1 Qf2 44. g4+ Kf4 45. Qf6+ Ke3 46.
Qxe5+ Kf3 47. Qf6+ Bf4 48. Qc6+ Ke3 49. Qxb6+ Rd4 50. Qe6+ Kf3 51. Qc6+ Ke2 52.
Qc2+ Ke3 53. Qc3+ Ke4 54. Qc6+ Kd3 55. Qxg6+ Kc3 56. Qc6+ Kb3 57. Qe6+ Kb2
{White resigns} 0-1

[Event "Team 45 45 League T62"]
[Site "Internet Chess Club"]
[Date "2014.09.06"]
[Round "2"]
[White "Herbie1"]
[Black "QuieroAprender"]
[Result "0-1"]
[WhiteElo "1638"]
[BlackElo "1729"]
[Opening "KGA: Cunningham defense"]
[ECO "C35"]
[Time "16:05:45"]
[TimeControl "2700+45"]

1. e4 e5 2. f4 exf4 3. Nf3 Be7 4. Bc4 Bh4+ 5. Kf1 Nc6 6. d4 d6 7. Bxf4 Bg4 8. c3
g5 9. Be3 Qf6 10. Nd2 Bxf3 11. Qxf3 g4 12. Qxf6 Bxf6 13. g3 h5 14. Kg2 Na5 15.
Bd3 O-O-O 16. Raf1 h4 17. Rf5 h3+ 18. Kf2 Nc6 19. Rf1 Nce7 20. Rf4 Bg5 21. Rxg4
Bxe3+ 22. Kxe3 Nh6 23. Rg7 Rde8 24. Ke2 f5 25. Kd1 Ng4 26. Rxg4 fxg4 27. Rf4
Rhg8 28. Nf1 Ref8 29. Rxf8+ Rxf8 30. Be2 Rf2 31. Bxg4+ Kd8 32. Bxh3 Rxb2 33. Be6
d5 34. exd5 Rxa2 35. d6 Ra1+ 36. Ke2 cxd6 37. c4 Nc6 38. Bd5 Nxd4+ 39. Kd3 Nc6
40. Ne3 Nb4+ 41. Ke4 Nxd5 42. Kxd5 Kd7 43. h4 a5 44. c5 Re1 45. Nc4 Rd1+ 46. Ke4
d5+ 47. Kf5 dxc4 48. h5 c3 {White resigns} 0-1

[Event "Team 45 45 League T62"]
[Site "Internet Chess Club"]
[Date "2014.09.07"]
[Round "2"]
[White "ElMarginal"]
[Black "rayngrant"]
[Result "1-0"]
[WhiteElo "1555"]
[BlackElo "1589"]
[Opening "Trompowsky attack (Ruth, Opocenský opening)"]
[ECO "A45"]
[Time "19:19:13"]
[TimeControl "2700+45"]

1. d4 Nf6 2. Bg5 Ne4 3. Bf4 g5 4. Be3 h6 5. Nd2 Nf6 6. g3 Bg7 7. Bg2 d5 8. Ngf3
Nc6 9. c3 Bf5 10. Qa4 Qd7 11. Nb3 Ne5 12. Qxd7+ Nexd7 13. Ne5 Nxe5 14. dxe5 Nd7
15. Bxd5 c6 16. Bf3 Nxe5 17. Bg2 Nc4 18. O-O-O Nxe3 19. fxe3 Rd8 20. Nd4 Bg6 21.
h4 g4 22. Rhf1 e6 23. Rg1 h5 24. Nc2 Bh6 25. Rxd8+ Kxd8 26. Rd1+ Ke7 27. Rd4
Bxc2 28. Kxc2 Bxe3 29. Rd3 Bb6 30. Kd2 Rd8 31. Ke1 f5 32. b4 e5 33. a4 Rxd3 34.
exd3 Kd6 35. Ke2 Bg1 36. Bh1 Bh2 37. Kf2 f4 38. gxf4 Bxf4 39. c4 b6 40. Be4 a5
41. bxa5 bxa5 42. Bg6 Kc5 43. Bxh5 Kd4 44. Bg6 Kc3 45. Be4 c5 46. Ke2 Kb4 47.
Bc6 Kc3 48. Be4 Kb3 49. Bc6 g3 50. Kf3 g2 51. Kxg2 e4 52. Bxe4 Kxa4 53. Kf3 Bh6
54. Bc6+ Kb3 55. Ke4 a4 56. Bxa4+ Kxa4 57. d4 cxd4 58. Kxd4 Kb4 59. Kd5 Bf8 60.
h5 Bh6 61. c5 Kb5 62. c6 Kb6 63. Kd6 Bf4+ 64. Kd7 {Black resigns} 1-0

[Event "Team 45 45 League T62"]
[Site "Internet Chess Club"]
[Date "2014.09.04"]
[Round "2"]
[White "Two-DogMan"]
[Black "Baron500"]
[Result "0-1"]
[WhiteElo "1583"]
[BlackElo "1705"]
[Opening "Ponziani: Jaenisch counter-attack"]
[ECO "C44"]
[Time "19:00:50"]
[TimeControl "2700+45"]

1. e4 e5 2. Nf3 Nc6 3. c3 Nf6 4. d3 d5 5. exd5 Qxd5 6. Be2 Bc5 7. O-O Bg4 8.
Nbd2 O-O 9. Ng5 Bxe2 10. Qxe2 Bb6 11. Nde4 Nxe4 12. Nxe4 f5 13. c4 Qe6 14. Nc3
Nd4 15. Qd1 c6 16. Be3 Rad8 17. Kh1 Qg6 18. Bxd4 Bxd4 19. Qb3 Qf7 20. a4 Bc5 21.
Rad1 Rd4 22. Ne2 Rh4 23. d4 Qh5 24. h3 exd4 25. Qd3 f4 26. Nxd4 Bxd4 27. Qxd4 f3
28. Qd7 fxg2+ 29. Kxg2 Qg5+ 30. Qg4 Rxg4+ 31. hxg4 Qxg4+ 32. Kh1 Qh3+ 33. Kg1
Qg4+ 34. Kh1 Qh4+ 35. Kg1 Rf5 36. Rd8+ Qxd8 {White resigns} 0-1

[Event "Team 45 45 League T62"]
[Site "Internet Chess Club"]
[Date "2014.09.06"]
[Round "2"]
[White "zugknightly"]
[Black "lionking819"]
[Result "1/2-1/2"]
[WhiteElo "1819"]
[BlackElo "1798"]
[Opening "English opening"]
[ECO "A10"]
[Time "17:07:59"]
[TimeControl "2700+45"]

1. c4 g6 2. g3 Bg7 3. Bg2 e5 4. Nc3 d6 5. e4 Nc6 6. Nge2 Be6 7. d3 Qd7 8. Nd5
Nce7 9. d4 c6 10. Nxe7 Nxe7 11. d5 Bh3 12. O-O h5 13. f3 Bxg2 14. Kxg2 f5 15. h4
Bf6 16. Nc3 f4 17. Qe1 g5 18. Rh1 fxg3 19. hxg5 Bg7 20. Qxg3 O-O-O 21. Qh3 Rdg8
22. Qxd7+ Kxd7 23. Be3 a6 24. dxc6+ Nxc6 25. c5 Bf6 26. Rad1 Nd4 27. cxd6 Bxg5
28. Kf2 Bxe3+ 29. Kxe3 Rg2 30. Rhg1 Rhg8 31. Rxg2 Rxg2 32. Rh1 Rg3 33. Rxh5
Rxf3+ 34. Kd2 Kxd6 35. Rh6+ Kd7 36. Rh7+ Kc6 {Game drawn by mutual agreement}
1/2-1/2

[Event "Team 45 45 League T62"]
[Site "Internet Chess Club"]
[Date "2014.09.06"]
[Round "2"]
[White "rl154"]
[Black "Portola"]
[Result "0-1"]
[WhiteElo "1533"]
[BlackElo "1851"]
[Opening "French: Tarrasch"]
[ECO "C03"]
[Time "18:00:18"]
[TimeControl "2700+45"]

1. e4 e6 2. d4 d5 3. Nd2 dxe4 4. Nxe4 Be7 5. Be3 Nd7 6. Nf3 Ngf6 7. Nc3 O-O 8.
Bd3 c5 9. O-O b6 10. Qe2 Bb7 11. Rfd1 Qc8 12. Bb5 cxd4 13. Bxd7 Nxd7 14. Bxd4
Qc6 15. Ne5 Qxg2# {White checkmated} 0-1

[Event "Team 45 45 League T62"]
[Site "Internet Chess Club"]
[Date "2014.09.07"]
[Round "2"]
[White "MetaGod"]
[Black "TacoCrafterHD"]
[Result "1-0"]
[WhiteElo "1591"]
[BlackElo "1392"]
[Opening "English: Anglo-Grünfeld defense"]
[ECO "A16"]
[Time "14:00:27"]
[TimeControl "2700+45"]

1. c4 Nf6 2. Nc3 d5 3. cxd5 Nxd5 4. Nf3 g6 5. g3 Bg7 6. Bg2 c6 7. O-O O-O 8. Qb3
Nb6 9. d3 e5 10. Be3 Be6 11. Qc2 N8d7 12. Ng5 f6 13. Nxe6 Qe7 14. Nxf8 Rxf8 15.
Rfd1 Rd8 16. a3 f5 17. Qc1 Qe6 18. Bh6 Nc5 19. Bxg7 Kxg7 20. Qg5 Rd7 21. e4 Rxd3
22. exf5 Qxf5 23. Qxf5 gxf5 24. Rxd3 Nxd3 25. b4 e4 26. Ne2 Kf6 27. Nf4 Ke5 28.
Nxd3+ exd3 29. Rd1 Kd4 30. Bf1 Kc3 31. Rxd3+ Kb2 32. Rf3 h6 33. Rxf5 Kxa3 34.
Rf7 Kxb4 35. Rxb7 c5 36. Rxa7 c4 37. Rb7 Kc5 38. Rxb6 Kxb6 39. Bxc4 {Black
resigns} 1-0

[Event "Team 45 45 League T62"]
[Site "Internet Chess Club"]
[Date "2014.09.07"]
[Round "2"]
[White "ArthurChenhd"]
[Black "TimeCo"]
[Result "0-1"]
[WhiteElo "1102"]
[BlackElo "1370"]
[Opening "Pirc: classical (two knights) system"]
[ECO "B08"]
[Time "14:01:04"]
[TimeControl "2700+45"]

1. e4 d6 2. d4 Nf6 3. Nc3 g6 4. Nf3 Bg7 5. Bc4 O-O 6. O-O Bg4 7. h3 Bxf3 8. Qxf3
Nbd7 9. Be3 a6 10. Rad1 b5 11. Bb3 Qc8 12. a3 c5 13. dxc5 Nxc5 14. Ba2 Nfd7 15.
Bg5 Ne5 16. Qf4 Ne6 17. Bxe6 fxe6 18. Qh4 Bf6 19. Qg3 Bxg5 20. Qxg5 Rf7 21. a4
b4 22. Na2 Qxc2 23. Qc1 Qxa4 24. Qa1 a5 25. f3 Qb3 26. Kh1 Nc4 27. Rf2 Ne3 28.
Re1 {White resigns} 0-1

[Event "Team 45 45 League T62"]
[Site "Internet Chess Club"]
[Date "2014.09.06"]
[Round "2"]
[White "Tjet"]
[Black "Electryon"]
[Result "1-0"]
[WhiteElo "1576"]
[BlackElo "1468"]
[Opening "English: symmetrical variation"]
[ECO "A38"]
[Time "19:05:39"]
[TimeControl "2700+45"]

1. c4 c5 2. g3 g6 3. Bg2 Bg7 4. Nc3 Nc6 5. Nf3 Nf6 6. O-O O-O 7. e4 d6 8. d3 a6
9. Rb1 Rb8 10. Nd5 b5 11. cxb5 axb5 12. Nxf6+ Bxf6 13. Bh6 Bg7 14. Bxg7 Kxg7 15.
Qd2 Be6 16. b3 Qd7 17. Ng5 f6 18. Nxe6+ Qxe6 19. f4 Nd4 20. h3 Qd7 21. Kh2 e5
22. Rf2 Rf7 23. Rb2 b4 24. h4 h6 25. Bh3 Qe7 26. f5 g5 27. hxg5 hxg5 28. g4 Rh8
29. Kg3 Kf8 30. Bf1 Rfh7 31. Rg2 Qg7 32. Be2 Qh6 33. Kf2 Qh4+ 34. Rg3 Qh1 35.
Bf1 Rh2+ 36. Bg2 R8h3 37. Qe3 Rxg2+ 38. Rxg2 Rh2 39. Qg3 Rxg2+ 40. Qxg2 Qh4+ 41.
Kf1 Qh6 42. Kg1 Nb5 43. Qh2 Qg7 44. Qh5 Nc3 45. Qh2 Kg8 46. Kf1 Nd1 47. Rd2 Ne3+
48. Kg1 Nxg4 49. Qh5 Nh6 50. Qe8+ Qf8 51. Qe6+ Kg7 52. Rh2 Ng4 53. Qd7+ Kg8 54.
Qh7# {Black checkmated} 1-0

[Event "Team 45 45 League T62"]
[Site "Internet Chess Club"]
[Date "2014.09.04"]
[Round "2"]
[White "ChessMaine"]
[Black "SATELLITE-DAN"]
[Result "1-0"]
[WhiteElo "1507"]
[BlackElo "1500"]
[Opening "Queen's pawn: stonewall attack"]
[ECO "D00"]
[Time "20:00:40"]
[TimeControl "2700+45"]

1. d4 d5 2. e3 Nf6 3. Bd3 Nc6 4. Nf3 Bg4 5. c3 e5 6. dxe5 Nxe5 7. Qa4+ Bd7 8.
Bb5 c6 9. Be2 Nxf3+ 10. Bxf3 Bd6 11. Nd2 O-O 12. O-O Qc7 13. g3 h5 14. e4 b5 15.
Qc2 h4 16. exd5 cxd5 17. Nb3 hxg3 18. hxg3 Rae8 19. Nd4 Bc5 20. Bf4 {Black
forfeits on time} 1-0

[Event "Team 45 45 League T62"]
[Site "Internet Chess Club"]
[Date "2014.09.07"]
[Round "2"]
[White "dabodhi"]
[Black "PaulRichard"]
[Result "1/2-1/2"]
[WhiteElo "1292"]
[BlackElo "1577"]
[Opening "Sicilian defense"]
[ECO "B30"]
[Time "15:02:07"]
[TimeControl "2700+45"]

1. e4 c5 2. Nf3 Nc6 3. g3 g6 4. Bg2 Bg7 5. O-O d6 6. d3 e5 7. Nbd2 Nge7 8. a4
Nd4 9. Nxd4 cxd4 10. Nc4 Be6 11. b3 d5 12. exd5 Bxd5 13. Re1 Bxg2 14. Kxg2 Qd5+
15. Qf3 Qxf3+ 16. Kxf3 Nc6 17. Nd6+ Ke7 18. Ba3 Ke6 19. Nxb7 Bf8 20. Bxf8 Rhxf8
21. Nc5+ Kd6 22. Ne4+ Ke7 23. Nd2 f6 24. Nc4 Nb4 25. Re2 Rac8 26. h4 Nd5 27. Kg2
Nb6 28. f4 Nxc4 29. bxc4 Kd6 30. fxe5+ fxe5 31. Rb1 Rb8 32. Rb5 Rxb5 33. axb5 a6
34. bxa6 Ra8 35. Kf3 Rxa6 36. Ke4 Ke6 37. Re1 Ra2 {Game drawn by mutual
agreement} 1/2-1/2

[Event "Team 45 45 League T62"]
[Site "Internet Chess Club"]
[Date "2014.09.08"]
[Round "2"]
[White "Conjurer"]
[Black "KingOfClubs"]
[Result "1-0"]
[WhiteElo "1301"]
[BlackElo "1309"]
[Opening "Queen's bishop game"]
[ECO "D02"]
[Time "18:00:22"]
[TimeControl "2700+45"]

1. d4 d5 2. Nf3 Nf6 3. Bf4 e6 4. c4 c6 5. Nc3 Bb4 6. Qc2 Ne4 7. e3 Qa5 8. O-O-O
Bxc3 9. bxc3 Qxc3 10. Qxc3 Nxc3 11. Rd2 O-O 12. Bd3 dxc4 13. Bxc4 Ne4 14. Rb2 b5
15. Bd3 Nf6 16. Ne5 Nd5 17. Bg3 Bb7 18. Kd2 f6 19. Nf3 Nd7 20. e4 N5b6 21. e5
fxe5 22. Nxe5 Nxe5 23. dxe5 Rfd8 24. Ke2 Na4 25. Rb3 a6 26. Be4 Nc5 27. Re3 Nxe4
28. Rxe4 c5 29. Rf4 Bxg2 30. Rg1 Bd5 31. Bh4 Re8 32. Bf6 g6 33. Rh4 Ra7 34.
Rxg6+ hxg6 35. Rh8+ Kf7 36. Rh7+ Kg8 37. Rxa7 Ra8 38. Rg7+ Kf8 39. Rh7 Ke8 40.
Rh8+ Kf7 41. Rh7+ Ke8 42. Re7+ Kd8 43. Rxe6+ Kd7 44. Rd6+ Kc7 45. Rxd5 Kc6 46.
Rd6+ Kc7 47. Re6 c4 48. Re7+ Kc6 49. e6 Kd5 50. Bc3 a5 51. Ke3 b4 52. Bd2 c3 53.
Bc1 Kd6 54. Rg7 Kxe6 55. Rxg6+ Kd5 56. Kd3 Ke5 57. f4+ Kf5 58. Rg5+ Ke6 59. h4
Rd8+ 60. Ke4 a4 61. Re5+ Kf7 62. Rb5 Re8+ 63. Kf5 b3 64. axb3 axb3 65. Rxb3 c2
66. Rb7+ Kg8 67. Kf6 Re2 68. Rb8+ Kh7 69. f5 Rg2 70. Rb7+ Kg8 71. h5 Rg1 72.
Rb8+ Kh7 73. Bg5 Rxg5 74. Rb7+ Kh6 75. Rc7 Rg2 76. Ke5 Kxh5 77. f6 Re2+ 78. Kd4
Rf2 79. f7 Rxf7 80. Rxc2 {Black resigns} 1-0

[Event "Team 45 45 League T62"]
[Site "Internet Chess Club"]
[Date "2014.09.04"]
[Round "2"]
[White "Chess4Him"]
[Black "Elalfer"]
[Result "1/2-1/2"]
[WhiteElo "1538"]
[BlackElo "1472"]
[Opening "Queen's pawn, Mason variation"]
[ECO "D00"]
[Time "15:42:42"]
[TimeControl "2700+45"]

1. d4 d5 2. Bf4 Bf5 3. Nf3 e6 4. e3 Bd6 5. Bg3 Nf6 6. Nbd2 h6 7. Be2 O-O 8. c3
Bxg3 9. hxg3 Nbd7 10. Nh2 Nh7 11. g4 Bg6 12. Ndf1 c5 13. Bd3 cxd4 14. exd4 e5
15. Ng3 exd4 16. Bxg6 fxg6 17. Qxd4 Qe7+ 18. Ne2 Qf7 19. O-O Nhf6 20. Ng3 Rfe8
21. Rfe1 b6 22. Nf3 Nc5 23. Ne5 Qe6 24. Nxg6 Qxg4 25. Qxg4 Nxg4 26. Ne7+ Kf7 27.
Nxd5 Nd3 28. Rxe8 Rxe8 29. Nf5 Re5 30. Nde3 Nxe3 31. Nxe3 Nxb2 32. Rc1 Nd3 33.
Rc2 Nc5 34. Nc4 Re1+ 35. Kh2 Re6 36. Rd2 Ne4 37. Rd7+ Re7 {Game drawn by mutual
agreement} 1/2-1/2

[Event "Team 45 45 League T62"]
[Site "Internet Chess Club"]
[Date "2014.09.06"]
[Round "2"]
[White "Berke"]
[Black "okieman888"]
[Result "1/2-1/2"]
[WhiteElo "1681"]
[BlackElo "1502"]
[Opening "French defense"]
[ECO "C11"]
[Time "10:02:37"]
[TimeControl "2700+45"]

1. e4 e6 2. d4 d5 3. Nc3 Nf6 4. exd5 exd5 5. Bd3 Bd6 6. Bg5 c6 7. Qf3 Nbd7 8.
Qe3+ Qe7 9. Qxe7+ Bxe7 10. Nf3 O-O 11. O-O h6 12. Bh4 {Game drawn by mutual
agreement} 1/2-1/2

[Event "Team 45 45 League T62"]
[Site "Internet Chess Club"]
[Date "2014.09.07"]
[Round "2"]
[White "jjaillet2007"]
[Black "HorseRadish"]
[Result "1/2-1/2"]
[WhiteElo "1280"]
[BlackElo "1303"]
[Opening "QGD: Albin counter-gambit"]
[ECO "D08"]
[Time "19:30:17"]
[TimeControl "2700+45"]

1. d4 d5 2. c4 e5 3. Nc3 dxc4 4. Nf3 exd4 5. Nxd4 c5 6. Nf3 Qxd1+ 7. Nxd1 Be7 8.
e3 b5 9. Nc3 a6 10. Nd5 Bd8 11. b3 cxb3 12. axb3 Be6 13. e4 Nf6 14. Nxf6+ Bxf6
15. Rb1 Bg4 16. Be2 Bxf3 17. Bxf3 Bc3+ 18. Bd2 Bxd2+ 19. Kxd2 O-O 20. Kc3 Rd8
21. e5 Ra7 22. Rbd1 Rad7 23. Rxd7 Rxd7 24. Bg4 Rd4 25. Rd1 Rxd1 26. Bxd1 Kf8 27.
f4 Ke7 28. Bg4 Nd7 29. h4 Nb6 30. Bf3 b4+ 31. Kd3 f6 32. exf6+ Kxf6 33. g4 a5
34. Bc6 Ke6 35. Bb5 Nd5 36. Bc4 Kd6 37. f5 Ke5 38. h5 Nf6 39. g5 Nxh5 40. g6
Nf4+ 41. Ke3 hxg6 42. fxg6 Nxg6 43. Kd3 Nf4+ 44. Ke3 g5 45. Kf3 Nd5 46. Kg4 Kf6
47. Bxd5 Ke5 48. Bc4 Kd4 49. Bb5 a4 50. Bxa4 c4 51. bxc4 Kxc4 52. Kxg5 {Game
drawn by mutual agreement} 1/2-1/2

[Event "Team 45 45 League T62"]
[Site "Internet Chess Club"]
[Date "2014.09.08"]
[Round "2"]
[White "tamky70"]
[Black "stantheman59"]
[Result "1-0"]
[WhiteElo "1414"]
[BlackElo "1208"]
[Opening "QGD: 4.Nf3"]
[ECO "D37"]
[Time "19:30:35"]
[TimeControl "2700+45"]

1. d4 e6 2. c4 d5 3. Nc3 Nf6 4. Nf3 Bd6 5. e3 Bd7 6. Bd3 Qe7 7. O-O c5 8. Nb5
O-O 9. Nxd6 Qxd6 10. Ne5 Bc6 11. Nxc6 Nxc6 12. cxd5 exd5 13. dxc5 Qxc5 14. Bd2
a5 15. Qe2 Rfe8 16. Rfc1 Qd6 17. Qd1 Ne5 18. Be2 b6 19. Bc3 Ne4 20. Bf3 Nxf3+
21. Qxf3 Re6 22. Rf1 Rh6 23. Qf4 Qxf4 24. exf4 b5 25. f3 Nc5 26. Bd4 Ne6 27. Be5
f6 28. Bc3 Nxf4 29. Bd2 g5 30. Bxf4 gxf4 31. Rac1 Rb8 32. Rfe1 f5 33. Re5 Kf7
34. Rxd5 Re6 35. Rxf5+ Rf6 36. Rh5 Kg6 37. Rhc5 Rbb6 38. h3 h5 39. h4 a4 40.
Rg5+ Kh6 41. Rcc5 Rg6 42. Rxh5+ Kg7 43. Rxb5 Rxb5 44. Rxb5 Rc6 45. Kh2 Rc2 46.
Rb4 a3 47. bxa3 Rxa2 48. Rxf4 Rxa3 49. Kg3 Kg6 50. Kg4 Ra2 51. g3 Ra5 52. Rc4
Rf5 53. Rc6+ Rf6 54. h5+ Kf7 55. Rc7+ Ke6 56. f4 Rf7 57. Rc6+ Ke7 58. Rc7+ Kf8
59. Rxf7+ Kxf7 60. Kg5 Kg7 61. f5 Kh7 62. f6 Kh8 63. Kg6 Kg8 64. h6 Kh8 65. g4
Kg8 66. g5 Kh8 67. Kf7 Kh7 68. g6+ {Black resigns} 1-0

[Event "Team 45 45 League T62"]
[Site "Internet Chess Club"]
[Date "2014.09.07"]
[Round "2"]
[White "Elton2013"]
[Black "mongmong"]
[Result "1-0"]
[WhiteElo "1552"]
[BlackElo "1557"]
[Opening "French: Tarrasch"]
[ECO "C03"]
[Time "20:02:46"]
[TimeControl "2700+45"]

1. e4 e6 2. d4 d5 3. Nd2 h6 4. Ngf3 Nf6 5. e5 Nfd7 6. c4 dxc4 7. Bxc4 Nb6 8. Bb3
Bb4 9. O-O O-O 10. Nc4 Nxc4 11. Bxc4 c6 12. Bd2 Bxd2 13. Qxd2 Nd7 14. Qd3 Nb6
15. Nd2 Nd5 16. Ne4 Qb6 17. b3 Bd7 18. Bxd5 cxd5 19. Nd6 Rfd8 20. Qe3 Be8 21. f4
Rd7 22. Kh1 f5 23. Rad1 Re7 24. Qf3 Qa5 25. Qe2 Rd7 26. Rf2 Rc7 27. g4 Bg6 28.
h4 Rc3 29. Kh2 Qc7 30. h5 Bh7 31. g5 Qe7 32. Rg2 hxg5 33. Rxg5 Kh8 34. Rdg1 Rg8
35. Nb5 Rc6 36. Nxa7 Ra6 37. Nb5 Rga8 38. a4 Rc6 39. Nd6 Rg8 40. Qb5 Rxd6 41.
exd6 Qxd6 42. Qf1 Qb4 43. Qd3 Qa3 44. Qe3 Qb4 45. Kh1 Qe7 46. Qe5 b6 47. h6
{Black resigns} 1-0

[Event "Team 45 45 League T62"]
[Site "Internet Chess Club"]
[Date "2014.09.07"]
[Round "2"]
[White "fuzzface"]
[Black "Jet1234"]
[Result "0-1"]
[WhiteElo "1362"]
[BlackElo "1399"]
[Opening "Neo-Indian (Seirawan) attack"]
[ECO "E00"]
[Time "09:13:02"]
[TimeControl "2700+45"]

1. d4 Nf6 2. c4 e6 3. Bg5 h6 4. Bxf6 Qxf6 5. e3 Nc6 6. c5 b6 7. b4 bxc5 8. b5
cxd4 9. bxc6 dxe3 10. cxd7+ Bxd7 11. Qf3 Bb4+ 12. Ke2 Qb2+ 13. Kxe3 Bc5+ 14. Kf4
O-O 15. Qc3 Bd4 16. Qxb2 Bxb2 17. Nf3 Bxa1 18. Nbd2 Rfe8 19. Nc4 f6 20. Bd3 e5+
21. Ke3 Bc3 22. Rb1 Rad8 23. Bg6 Re7 24. Rd1 Bd4+ 25. Nxd4 exd4+ 26. Kf4 Bb5 27.
Nb2 Re2 28. Rb1 d3 29. Kf3 d2 30. Bd3 Re1 31. Nd1 Bxd3 {White resigns} 0-1

[Event "Team 45 45 League T62"]
[Site "Internet Chess Club"]
[Date "2014.09.07"]
[Round "2"]
[White "SALJOMA"]
[Black "Invicta-Knight"]
[Result "0-1"]
[WhiteElo "1416"]
[BlackElo "1517"]
[Opening "Scandinavian: Pytel-Wade variation"]
[ECO "B01"]
[Time "15:19:56"]
[TimeControl "2700+45"]

1. e4 d5 2. exd5 Qxd5 3. Nc3 Qd6 4. d4 Nc6 5. Be3 g6 6. Nf3 Nh6 7. Qd2 Nf5 8.
Be2 Nxe3 9. Qxe3 Bg7 10. Rd1 Bf5 11. a3 O-O-O 12. b4 Bxd4 13. Nxd4 Nxd4 14. O-O
Bxc2 15. Rd2 Nf3+ 16. Bxf3 Qxd2 17. Qc5 Qd4 18. Qxd4 Rxd4 19. Nb5 Rd3 20. Nxa7+
Kb8 21. Nb5 Ba4 22. Be2 Bxb5 23. Bxd3 Bxd3 24. Rd1 Rd8 25. f3 c6 26. Kf2 Kc7 27.
Ke3 Bb5 28. Ra1 Rd3+ 29. Kf2 b6 30. a4 Ba6 31. h4 Rb3 32. b5 cxb5 33. axb5 Bxb5
34. Ra7+ Kd6 35. Ra1 Rb2+ 36. Kg3 e5 37. Rd1+ Ke6 38. Rg1 f5 39. Kh3 Bc6 40. Kg3
b5 41. Kh3 b4 42. Rc1 Bd5 43. Rc7 h5 44. Rc5 b3 45. Rb5 Rb1 46. Kg3 b2 47. Rb4
Kd6 48. Kf2 Kc5 49. Rb8 Kc4 50. Ke2 Kc3 51. Rc8+ Bc4+ 52. Kf2 Rf1+ 53. Kg3 f4+
54. Kh2 b1=Q 55. g4 Qc2+ 56. Kh3 Rh1# {White checkmated} 0-1

[Event "Team 45 45 League T62"]
[Site "Internet Chess Club"]
[Date "2014.09.07"]
[Round "2"]
[White "BrerRabbit"]
[Black "drsigmund1"]
[Result "0-1"]
[WhiteElo "1483"]
[BlackElo "1583"]
[Opening "Queen's pawn"]
[ECO "A40"]
[Time "19:03:37"]
[TimeControl "2700+45"]

1. d4 e6 2. Nf3 d5 3. e3 c5 4. c3 Nc6 5. Bd3 Nf6 6. Nbd2 c4 7. Bc2 Bd6 8. O-O
Bd7 9. e4 Bf4 10. exd5 exd5 11. Re1+ Be6 12. Nf1 Bxc1 13. Qxc1 O-O 14. Ng3 Qd7
15. Qf4 Ne7 16. Ne5 Qb5 17. Rab1 Qa5 18. a3 Qc7 19. Qd2 b5 20. b4 a5 21. Ra1
axb4 22. axb4 Ra7 23. Rxa7 Qxa7 24. f3 Ra8 25. Bb1 Qb7 26. Qc2 g6 27. Qd2 Kg7
28. h4 h5 29. Ne2 Ra1 30. Kf2 Bf5 31. Bxf5 Rxe1 32. Kxe1 Nxf5 33. Qf4 Nd7 34. g4
Nxe5 35. gxf5 Nd3+ {White resigns} 0-1

[Event "Team 45 45 League T62"]
[Site "Internet Chess Club"]
[Date "2014.09.07"]
[Round "2"]
[White "JOFRAN"]
[Black "Danny-ONeil"]
[Result "1/2-1/2"]
[WhiteElo "1365"]
[BlackElo "1209"]
[Opening "French: advance variation"]
[ECO "C02"]
[Time "21:00:27"]
[TimeControl "2700+45"]

1. e4 e6 2. d4 d5 3. e5 c5 4. c3 Nd7 5. Nf3 Ne7 6. Be3 Nf5 7. Qd2 Be7 8. Bd3
Nxe3 9. Qxe3 O-O 10. O-O Qb6 11. Qd2 f6 12. Re1 cxd4 13. cxd4 fxe5 14. Nxe5 Nxe5
15. Rxe5 Bd6 16. Re2 Bd7 17. Nc3 Rac8 18. Rb1 Bf4 19. Qc2 Qd8 20. Bxh7+ Kh8 21.
Qg6 Qh4 22. g3 Qxh7 23. Qxh7+ Kxh7 24. gxf4 Rxf4 25. Re3 Rxd4 26. Re2 b5 27. a3
a5 28. Re3 b4 29. axb4 Rxb4 30. Rf3 d4 31. Ne4 Kg8 32. Ng5 d3 33. Rxd3 Rg4+ 34.
Rg3 Rcc4 35. Rd1 Rxg3+ 36. hxg3 Rc5 37. Rxd7 Rxg5 38. Ra7 Kf8 39. Kf1 Rb5 40.
Ra6 Ke7 41. Ke1 Kf6 42. Kd1 g5 43. Kc2 Ke5 44. Kc3 Kf5 45. Kc4 Rxb2 46. Rxa5+ e5
47. f3 Rf2 48. Ra3 Rg2 49. g4+ Kf4 50. Kd5 Rg3 51. Ra4+ Kxf3 52. Kxe5 Rxg4 53.
Ra3+ Kg2 54. Kf5 Rg3 55. Rxg3+ Kxg3 56. Kxg5 {Game drawn because neither player
has mating material} 1/2-1/2

[Event "Team 45 45 League T62"]
[Site "Internet Chess Club"]
[Date "2014.09.06"]
[Round "2"]
[White "seattleblues"]
[Black "fuzzface"]
[Result "0-1"]
[WhiteElo "1409"]
[BlackElo "1378"]
[Opening "Queen's pawn, Mason variation"]
[ECO "D00"]
[Time "06:15:29"]
[TimeControl "2700+45"]

1. d4 d5 2. Bf4 e6 3. e3 Bd6 4. Bg3 Bxg3 5. hxg3 Nf6 6. Nf3 Nc6 7. c3 O-O 8. Bd3
h6 9. Nbd2 Qe7 10. Ne5 Nxe5 11. dxe5 Nd7 12. f4 f6 13. Qg4 f5 14. Qe2 Nc5 15.
Bc2 b6 16. Nf3 Ba6 17. Qf2 Bd3 18. Nh4 Ne4 19. Ng6 Qf7 20. Qf3 Qxg6 21. Bxd3
Qxg3+ 22. Qxg3 Nxg3 23. Rh3 Ne4 24. Bxe4 dxe4 25. Ke2 Rad8 26. Rhh1 c5 27. c4
Rf7 28. Rad1 Rfd7 29. Rxd7 Rxd7 30. b3 Kh7 31. Rd1 Rxd1 32. Kxd1 h5 33. Ke1 h4
34. Kf2 Kh6 35. Kg1 Kh5 36. Kh2 Kg4 37. a3 a5 38. a4 g6 39. Kg1 g5 40. fxg5 Kxg5
41. Kf2 Kg4 42. Kg1 Kg3 43. Kf1 f4 44. exf4 Kxf4 45. Kf2 e3+ 46. Ke2 Kg3 {White
resigns} 0-1

[Event "Team 45 45 League T62"]
[Site "Internet Chess Club"]
[Date "2014.09.05"]
[Round "2"]
[White "Kandor"]
[Black "dabodhi"]
[Result "1-0"]
[WhiteElo "1288"]
[BlackElo "1281"]
[Opening "Scandinavian (center counter) defense"]
[ECO "B01"]
[Time "18:00:34"]
[TimeControl "2700+45"]

1. e4 d5 2. d3 dxe4 3. dxe4 Qxd1+ 4. Kxd1 e5 5. Nf3 Nc6 6. Nc3 Bg4 7. Nd5 Bd6 8.
Bb5 Ne7 9. h3 Bd7 10. g4 O-O-O 11. a4 Nd4 12. Nxe7+ Bxe7 13. Bxd7+ Rxd7 14. Nxe5
Nb3+ 15. Nxd7 Nxa1 16. Ne5 Rd8+ 17. Nd3 Rd4 18. Re1 Rxa4 19. b3 Rd4 20. Bb2
Rxd3+ 21. cxd3 Nxb3 22. Bxg7 Nc5 23. Kc2 Ne6 24. Bh6 Nd4+ 25. Kd1 Nb5 26. e5 Bh4
27. Rf1 Nc3+ 28. Kc2 Nb5 29. f4 Be7 30. f5 f6 31. e6 Nd4+ 32. Kd1 c6 33. h4 b5
34. g5 b4 35. g6 hxg6 36. fxg6 Nxe6 37. g7 Nxg7 38. Bxg7 b3 39. Ke2 a5 40. Bh6
b2 41. Rb1 Ba3 42. Bg7 f5 43. h5 Kd8 44. h6 Ke8 45. h7 Bf8 46. h8=Q {Black
resigns} 1-0